 Dungeon Crawl Stone Soup version 0.17.0-22-g5edae84 (webtiles) character file.

2949 zeke the Protected (level 9, -1/108 HPs)
             Began as a Minotaur Fighter on Nov 12, 2015.
             Was a Follower of Okawaru.
             Slain by a komodo dragon (11 damage)
             ... on level 8 of the Dungeon.
             The game lasted 00:14:40 (5177 turns).

zeke the Protected (Minotaur Fighter)               Turns: 5177, Time: 00:14:40

Health: -1/108     AC: 24    Str: 25    XL:     9   Next: 51%
Magic:  8/8        EV:  2    Int:  5    God:    Okawaru [*.....]
Gold:   528        SH: 10    Dex:  9    Spells: 0 memorised, 8 levels left

rFire  . . .     SeeInvis .     a - +1 war axe
rCold  . . .     Clarity  .     (armour currently unavailable)
rNeg   + + +     SustAt   .     c - +0 shield
rPois  +         Gourm    .     (helmet currently unavailable)
rElec  .         Spirit   .     (cloak currently unavailable)
rCorr  .         Warding  .     (gloves currently unavailable)
rMut   .         NoTele   +     (boots currently unavailable)
MR     .....                    (no amulet)
Stlth  +.........               (no ring)
                                n - ring of poison resistance

@: tree-form, not resistant to hostile enchantments, very unstealthy
A: (retaliatory headbutt), (horns 0)
a: Heroism, Renounce Religion


You were on level 8 of the Dungeon.
You worshipped Okawaru.
Okawaru was aware of your devotion.
You were hungry.
You were a tree.
You visited 2 branches of the dungeon, and saw 9 of its levels.
You also visited: Sewer.

You collected 528 gold pieces.

Inventory:

Hand Weapons
 a - a +1 war axe (weapon)
Missiles
 u - 4 javelins (quivered)
Armour
 b - a +0 scale mail
 c - a +0 shield (worn)
 g - a +0 pair of gloves (melded)
 i - a +1 hat (melded)
 k - a +0 crystal plate armour (melded)
 F - a +0 cloak (melded)
Jewellery
 n - a ring of poison resistance (left branch)
 I - an uncursed ring of see invisible {unknown}
Wands
 v - a wand of fireball (7)
 y - a wand of magic darts (18)
 H - a wand of cold (4)
Scrolls
 f - 3 scrolls of recharging {unknown}
 j - 15 scrolls of identify {unknown}
 o - 2 scrolls of blinking
 p - 4 scrolls of remove curse
 s - 5 scrolls of teleportation
 t - 2 scrolls of amnesia
 w - a scroll of enchant weapon
 A - a scroll of immolation {unknown}
 B - a scroll of torment {unknown}
 D - a scroll of enchant armour {unknown}
 G - a scroll of holy word {unknown}
Potions
 d - a potion of might
 h - 3 potions of poison {unknown}
 m - a potion of haste
 z - 3 potions of flight
 C - a potion of berserk rage {unknown}
 E - a potion of resistance {unknown}
Comestibles
 e - 7 bread rations
 l - 5 meat rations
 r - 4 beef jerkies
 x - a royal jelly


   Skills:
 - Level 4.4 Fighting
 + Level 10.8 Axes
 + Level 11.1 Armour
 - Level 2.1 Dodging
 - Level 4.7 Shields


You had 8 spell levels left.
You didn't know any spells.

Dungeon Overview and Level Annotations

Branches:
Dungeon (8/15)             Temple (1/1) D:7
   Lair: D:8-11

Altars:
Ashenzari
Cheibriados
Dithmenos
Elyvilon
Fedhas
Gozag
Kikubaaqudgha
Makhleb
Nemelex Xobeh
Okawaru
Qazlal
Ru
Sif Muna
Trog
Vehumet
Xom
Yredelemnul
Zin
The Shining One

Shops:
D:4 [   D:7 [


Innate Abilities, Weirdness & Mutations

((You reflexively headbutt those who attack you in melee.))
((You have a pair of horns on your head.))


Message History

Your +1 hat melds into your body.
Your +0 pair of gloves melds into your body.
Your +0 crystal plate armour melds into your body.
Your roots penetrate the ground.
The komodo dragon bites you.
* * * LOW HITPOINT WARNING * * *
You block the steam dragon's attack.
The steam dragon claws you but does no damage.
You closely miss the komodo dragon.
The komodo dragon is severely wounded.
You hit the steam dragon but do no damage.
The steam dragon is heavily wounded.
The komodo dragon bites you but does no damage.
The steam dragon barely misses you.
The steam dragon claws you but does no damage.
You closely miss the komodo dragon.
The komodo dragon is severely wounded.
You slash the steam dragon!
The steam dragon is severely wounded.
The komodo dragon bites you!
You die...

##.## #.... .# #..#
##### .# #### ## ###
## #(## ### .##
#..#### #.##..##..
##....####...#....#
#.####..#..D†.#....
###.#.#....♣l......
###
###..........#....##
..###........##.##
.....
.........##.#.###
####
###.#.####..##.#
##### #.### ## ##


You could see a komodo dragon and a steam dragon.

Vanquished Creatures
  The ghost of shobalk the Blocker, a novice GrFi of Okawaru (D:8)
  Sigmund (D:6)
  An orc warrior (D:6)
  A phantom (D:5)
  A sky beast (D:5)
  4 ogres
  A black bear (D:7)
  A centaur (D:5)
  A big kobold (D:8)
  2 giant frogs
  A scorpion (D:8)
  A quasit (D:7)
  A giant frog zombie (D:4)
  A jelly (D:6)
  3 orc wizards
  A crimson imp (D:7)
  A giant frog skeleton (D:5)
  4 hounds
  2 orc priests
  8 iguanas
  Jessica (D:3)
  6 worker ants
  Robin (D:3)
  A worker ant zombie (D:5)
  11 adders
  3 shadow imps
  5 oozes
  An adder skeleton (D:8)
  9 worms
  14 orcs
  4 ball pythons
  11 bats
  15 giant cockroaches
  14 goblins
  11 hobgoblins
  13 jackals
  14 kobolds
  3 quokkas
  11 giant geckos
  2 giant gecko skeletons
  A giant gecko zombie (D:7)
  8 giant newts
  15 rats
211 creatures vanquished.

Vanquished Creatures (others)
  A crocodile (D:8)
1 creature vanquished.

Grand Total: 212 creatures vanquished

Notes
Turn   | Place    | Note
--------------------------------------------------------------
     0 | D:1      | zeke the Minotaur Fighter began the quest for the Orb.
     0 | D:1      | Reached XP level 1. HP: 19/19 MP: 0/0
     0 | D:1      | Noticed a vampire
     3 | D:1      | Noticed a formicid
     3 | D:1      | Noticed a naga
     6 | D:1      | Noticed a spriggan
     7 | D:1      | Noticed a vine stalker
     8 | D:1      | Noticed a human
    10 | D:1      | Noticed a felid
    12 | D:1      | Noticed a centaur
    12 | D:1      | Noticed a dwarf
    14 | D:1      | Noticed an elf
    16 | D:1      | Noticed a spriggan
    16 | D:1      | Noticed a felid
    19 | D:1      | Noticed a naga
    19 | D:1      | Noticed a felid
   193 | D:1      | Reached XP level 2. HP: 27/27 MP: 1/1
   293 | D:1      | Reached skill level 4 in Fighting
   466 | D:1      | Reached XP level 3. HP: 33/33 MP: 2/2
   670 | D:2      | Reached skill level 1 in Dodging
   845 | D:2      | Reached XP level 4. HP: 35/40 MP: 3/3
   911 | D:2      | Found a faded altar to an unknown god.
  1214 | D:3      | Noticed Jessica
  1222 | D:3      | Killed Jessica
  1405 | D:3      | Found a deep blue altar of Sif Muna.
  1439 | D:3      | Reached XP level 5. HP: 47/47 MP: 4/4
  1440 | D:3      | Noticed Robin
  1464 | D:3      | Killed Robin
  1769 | D:4      | Found Rienn's Armour Boutique.
  1889 | D:4      | Reached skill level 5 in Armour
  1983 | D:4      | Reached XP level 6. HP: 49/53 MP: 5/5
  2346 | D:4      | Reached skill level 5 in Axes
  2491 | D:4      | Reached skill level 6 in Armour
  2525 | D:4      | Noticed an ogre
  2531 | D:4      | Killed an ogre
  2531 | D:4      | Reached XP level 7. HP: 56/60 MP: 6/6
  2588 | D:5      | Entered Level 5 of the Dungeon
  2595 | D:5      | Found a shimmering altar of Xom.
  2833 | D:5      | Reached skill level 7 in Armour
  2836 | D:5      | Found a basalt altar of Yredelemnul.
  2939 | D:5      | Found a glowing drain.
  2967 | Sewer    | Entered a sewer
  3648 | D:5      | Reached skill level 8 in Armour
  3648 | D:5      | Reached XP level 8. HP: 25/67 MP: 7/7
  3980 | D:6      | Found a bloodstained altar of Trog.
  4093 | D:6      | Reached skill level 9 in Armour
  4155 | D:6      | Noticed Sigmund
  4173 | D:6      | Killed Sigmund
  4303 | D:7      | Found Uczoq's Antique Armour Emporium.
  4356 | D:7      | Found a staircase to the Ecumenical Temple.
  4365 | Temple   | Entered the Ecumenical Temple
  4492 | Temple   | Became a worshipper of Warmaster Okawaru
  4614 | D:7      | Reached skill level 10 in Armour
  4692 | D:7      | Reached XP level 9. HP: 72/72 MP: 8/8
  4989 | D:8      | Noticed shobalk's ghost (novice GrFi)
  5020 | D:8      | Killed shobalk's ghost
  5020 | D:8      | Reached * piety under Okawaru
  5020 | D:8      | Reached skill level 10 in Axes
  5102 | D:8      | Reached skill level 11 in Armour
  5158 | D:8      | Noticed a komodo dragon
  5177 | D:8      | Slain by a komodo dragon

Action                   |  1- 3 |  4- 6 |  7- 9 || total
-------------------------+-------+-------+-------++-------
Melee: War axe           |   101 |   168 |   375 ||   644
  Use: Scroll            |       |     2 |     6 ||     8
       Potion            |       |       |     8 ||     8
  Eat: Chunk             |       |     5 |    10 ||    15
